 Dungeon Crawl Stone Soup version 0.30-a0-859-gf88a04b62d (webtiles) character file.

Game seed: 8938882783195149242

6 Demosthentine the Poker (level 1, 0/16 HPs)
             Began as a Demonspawn Gladiator on Mar 7, 2023.
             Slain by a kobold
             ... wielding a +0 whip
              (4 damage)
             ... on level 1 of the Dungeon.
             The game lasted 00:00:42 (110 turns).

Demosthentine the Poker (Demonspawn Gladiator)       Turns: 110, Time: 00:00:43

Health: 0/16       AC:  4    Str: 14    XL:     1   Next: 75%
Magic:  1/1        EV: 12    Int:  9    God:
Gold:   7          SH:  0    Dex: 14    Spells: 0/0 levels left

rFire   . . .      SeeInvis .    a - +0 trident
rCold   . . .      Faith    .    (no shield)
rNeg    . . .      Spirit   .    b - +0 leather armour
rPois   .          Reflect  .    c - +0 helmet
rElec   .          Rampage  .    (no cloak)
rCorr   .                        (no gloves)
Will    .....                    (no boots)
Stlth   +                        (no amulet)
HPRegen 0.22/turn                (no ring)
MPRegen 0.07/turn                (no ring)

@: no status effects
A: no striking features
a: no special abilities


You were on level 1 of the Dungeon.
You visited 1 branch of the dungeon, and saw 1 of its levels.

You collected 7 gold pieces.

Inventory:

Hand Weapons
 a - a +0 trident (weapon)
Missiles
 d - 3 throwing nets (quivered)
 e - a javelin
Armour
 b - a +0 leather armour (worn)
 c - a +0 helmet (worn)
Scrolls
 f - a scroll of teleportation {unknown}
 g - a scroll of magic mapping {unknown}
 h - a scroll of fear {unknown}
Potions
 i - a potion of cancellation {unknown}
 j - a potion of curing {unknown}


   Skills:
 + Level 2.1 Fighting
 + Level 2.8 Polearms
 - Level 1.7 Throwing
 + Level 0.3 Armour
 + Level 2.8 Dodging


You couldn't memorise any spells.
You didn't know any spells.
Your spell library contained the following spells:

 Spells                   Type           Power      Damage    Failure   Level
 Sting                    Tmut/Pois      0%         1d3       45%         1


Dungeon Overview and Level Annotations

Branches:
Dungeon (1/15)

Altars:


Message History

The giant cockroach closely misses you. The bat misses you.
You hit the giant cockroach.
The giant cockroach is moderately wounded.
The bat hits you but does no damage. The giant cockroach barely misses you.
The kobold misses you.
The giant cockroach bites you but does no damage.
You hit the giant cockroach but do no damage.
The giant cockroach is moderately wounded.
The bat misses you. The kobold hits you with a +0 whip.
The giant cockroach closely misses you.
You barely miss the kobold. The giant cockroach bites you.
The kobold barely misses you. The bat barely misses you.
The giant cockroach misses you. The kobold hits you but does no damage.
You closely miss the kobold. The bat barely misses you.
The giant cockroach barely misses you. The kobold hits you with a +0 whip.
* * * LOW HITPOINT WARNING * * *
You miss the kobold. The giant cockroach barely misses you.
The bat closely misses you. The kobold misses you.
You miss the kobold. The bat barely misses you.
The giant cockroach bites you but does no damage.
The kobold barely misses you. The giant cockroach closely misses you.
The bat closely misses you.
You hit the kobold but do no damage. The bat barely misses you.
The giant cockroach barely misses you. The kobold hits you with a +0 whip.
* * * LOW HITPOINT WARNING * * *
You closely miss the kobold.
The giant cockroach bites you but does no damage.
A ball python comes into view.
The kobold closely misses you. The giant cockroach barely misses you.
You barely miss the kobold. The kobold hits you but does no damage.
A dart slug comes into view.
The giant cockroach bites you.
* * * LOW HITPOINT WARNING * * *
The giant cockroach attacks as you move away!
The giant cockroach bites you but does no damage.
A hobgoblin comes into view.
Things that are here:
a +0 dagger; a goblin corpse You barely miss the kobold.
The kobold hits you with a +0 whip.
You die... ..w .P. ...... .PPPPP

...... ###......
..S..g #....$....
......####.#........
........ ...........
#....B##^.........
#....#K.^......... .
#@##..........
.#.#.....b....#
#.#.##^.......# .
#.#P#.^......## .#.
#.#.#_..#...##
...#.#.#...#####
#.#P#.##...####
#..#.#........##
#...#.##^......##


You could see a hobgoblin, a bat, a ball python and a kobold.

Vanquished Creatures
  2 goblins (D:1)
  2 hobgoblins (D:1)
  A ball python (D:1)
5 creatures vanquished.

Vanquished Creatures (others)
  A plant (D:1)
1 creature vanquished.

Grand Total: 6 creatures vanquished

Notes
Turn   | Place    | Note
-------+----------+-------------------------------------------
     0 | D:1      | Demosthentine the Demonspawn Gladiator began the quest for
                  | the Orb.
     0 | D:1      | Reached XP level 1. HP: 16/16 MP: 1/1
    37 | D:1      | Found a faded altar of an unknown god.
    58 | D:1      | Got Plato's Enchiridion on the Mutated Bane
   110 | D:1      | Slain by a kobold

Illustrated notes

Levels and vault maps discovered:
D:1:      tekkud_arrival_beachfront_property, layout_rooms,
          shapermc_ecumenical_altar_rom_forum, serial_shops, shop,
          minmay_hedge_maze

Action                     || total
---------------------------++-------
  Melee: Trident           ||    20
 Armour: Leather armour    ||     9
  Dodge: Dodged            ||    29

Table legend: (Time is in decaauts)
 A = Elapsed time spent in this place.
 B = Non-inter-level travel time spent in this place.
 C = Inter-level travel time spent in this place.
 D = Time resting spent in this place.
 E = Time spent auto-exploring this place.
 F = Levels seen in this place.
 G = Mean time per level.
                   A        B        C        D        E       F      G
               +--------+--------+--------+--------+--------+-----+--------+
         Total |    112 |    112 |      0 |      0 |     69 |   1 |  112.0 |
       Dungeon |    112 |    112 |      0 |      0 |     69 |   1 |  112.0 |
               +--------+--------+--------+--------+--------+-----+--------+

Top non-repeatable levels by time:
     D:1: 112 daAuts
